 Dungeon Crawl Stone Soup version 0.22-a0-396-g3f858e3 (webtiles) character file.

644 Kairos the Chopper (level 7, -4/36 HPs)
             Began as a Vine Stalker Fighter on May 3, 2018.
             Was an Initiate of Okawaru.
             Killed by divine providence
             ... invoked by an orc priest
              (12 damage)
             ... on level 4 of the Dungeon.
             The game lasted 00:06:03 (3006 turns).

Kairos the Chopper (Vine Stalker Fighter)           Turns: 3006, Time: 00:06:06

Health: -4/36      AC: 12    Str: 21    XL:     7   Next: 52%
Magic:  0/8        EV:  8    Int:  8    God:    Okawaru [......]
Gold:   237        SH: 10    Dex: 13    Spells: 6/6 levels left

rFire    . . .     SeeInvis .   a - +4 war axe
rCold    . . .     Gourm    .   c - +0 shield
rNeg     . . .     Faith    .   b - +0 scale mail
rPois    .         Spirit   +   l - +0 helmet
rElec    .         Reflect  .   z - +0 cloak
rCorr    .         Harm     .   (no gloves)
MR       .....                  (no boots)
Stlth    ..........             (no amulet)
HPRegen  0.52/turn              s - +3 ring of protection
MPRegen  0.11/turn              (no ring)

@: no status effects
A: fangs 2, regeneration 1, magic shield, antimagic bite, no potion heal 3, rot
immunity
a: Renounce Religion


You were on level 4 of the Dungeon.
You worshipped Okawaru.
Okawaru was noncommittal.
You were not hungry.

You visited 2 branches of the dungeon, and saw 5 of its levels.
You also visited: Sewer.

You collected 237 gold pieces.

Inventory:

Hand Weapons
 a - a +4 war axe (weapon)
Armour
 b - a +0 scale mail (worn)
 c - a +0 shield (worn)
 l - a +0 helmet (worn)
 z - a +0 cloak (worn)
Magical Staves
 y - an uncursed staff of air {unknown}
Jewellery
 s - a +3 ring of protection (left hand)
Wands
 t - a wand of polymorph (13)
Scrolls
 g - a scroll of teleportation
 h - 7 scrolls of remove curse
 j - 3 scrolls of fear
 n - a scroll of fog
 r - 2 scrolls of enchant armour
 u - a scroll of noise
 x - a scroll of identify
Potions
 d - a potion of might
 e - 3 potions of heal wounds {unknown}
 k - 3 potions of haste {unknown}
 m - 3 potions of curing {unknown}
 o - 2 potions of resistance {unknown}
 p - a potion of mutation {unknown}
 q - 5 potions of lignification {unknown}
 v - a potion of berserk rage {unknown}
 w - a potion of flight {unknown}
Comestibles
 f - 11 rations
 i - 3 chunks of flesh


   Skills:
 + Level 3.5 Fighting
 + Level 5.0 Axes
 + Level 3.5 Armour
 + Level 1.5 Dodging
 + Level 0.8 Stealth
 + Level 4.2 Shields


You had 6 spell levels left.
You didn't know any spells.

Dungeon Overview and Level Annotations

Branches:
Dungeon (4/15)             Temple (1/1) D:4

Altars:
Cheibriados
Dithmenos
Elyvilon
Hepliaklqana
Nemelex Xobeh
Okawaru
Qazlal
Ru
Uskayaw
The Shining One


Innate Abilities, Weirdness & Mutations

You have extremely sharp teeth.
Your natural rate of healing is unusually fast.
When hurt, damage is shared between your health and your magic reserves.
Your bite disrupts and absorbs the magic of your enemies.
Potions cannot restore your health.
You are immune to rotting.


Message History

Beogh smites you!
* * * LOW HITPOINT WARNING * * *
You block the orc's attack. The orc closely misses you.
You block the orc priest's attack. The orc priest completely misses you.
There is an open door here.
You barely miss the orc priest.
You bite the orc priest, but do no damage.
You slash the orc priest! You hit the orc. The orc closely misses you.
The orc priest calls down the wrath of Beogh upon you.
You resist with significant effort.
The orc priest hits you but does no damage.
You hit the orc priest but do no damage.
You slash the orc!
You kill the orc!
Okawaru accepts your kill.
You hit the orc priest.
The orc priest invokes the aid of Beogh against you.
Beogh smites you!
You die...

....#.....(..# #........#
+#########........#
..................#
..................#
..................#
..................#
................[.# ##
####'##........#@##..##..
...[..#........#oo.......
...)†.#........#.........
......+........#.........
......#........#+########
......#.........
.##...####+####.
.#######.... ...........


You could see 2 orc priests.

Vanquished Creatures
  An ogre (D:4)
  A crocodile (Sewer)
  A scorpion (D:4)
  An orc wizard (D:3)
  2 orc priests
  A hound (D:3)
  An iguana (D:3)
  2 worker ants (D:4)
  A hound skeleton (D:4)
  Robin (D:4)
  8 adders
  An ooze (D:2)
  6 worms
  A dart slug (D:2)
  2 leopard geckos
  13 orcs
  5 ball pythons (D:4)
  5 giant cockroaches
  11 goblins
  12 hobgoblins
  6 jackals
  A quokka (D:2)
  13 bats
  2 frilled lizards
  6 kobolds
  16 rats
120 creatures vanquished.

Notes
Turn   | Place    | Note
-------+----------+-------------------------------------------
     0 | D:1      | Kairos the Vine Stalker Fighter began the quest for the Orb.
     0 | D:1      | Reached XP level 1. HP: 11/11 MP: 2/2
   219 | D:1      | Reached XP level 2. HP: 16/16 MP: 3/3
   675 | D:2      | Reached skill level 2 in Axes
   932 | D:2      | Reached XP level 3. HP: 19/19 MP: 4/4
  1118 | D:2      | Gained mutation: Your natural rate of healing is unusually fast. [Vine Stalker growth]
  1118 | D:2      | Reached XP level 4. HP: 16/24 MP: 2/5
  1393 | D:2      | Found a faded altar of an unknown god.
  1670 | D:3      | Reached skill level 3 in Axes
  1698 | D:3      | Reached XP level 5. HP: 26/28 MP: 6/6
  1753 | D:3      | Reached XP level 6. HP: 17/32 MP: 5/7
  2237 | D:3      | Reached skill level 1 in Dodging
  2344 | D:4      | Found a staircase to the Ecumenical Temple.
  2361 | Temple   | Entered the Ecumenical Temple
  2368 | Temple   | Became a worshipper of Warmaster Okawaru
  2445 | D:4      | Reached skill level 4 in Axes
  2462 | D:4      | Noticed Robin
  2479 | D:4      | Reached XP level 7. HP: 30/36 MP: 6/8
  2482 | D:4      | Killed Robin
  2802 | D:4      | Found a glowing drain.
  2812 | Sewer    | Entered a sewer
  2846 | Sewer    | Reached skill level 5 in Axes
  3006 | D:4      | Killed from afar by an orc priest

Vault maps used:
D:1:      dpeg_arrival_rooms_b
D:2:      chequers_ecumenical_altar_grove
D:4:      minmay_temple_entry_grid, portal_sewer_entry_e, first_ration,
          kennysheep_generic_room_8, uniq_robin
Temple:   compressed_dpeg_triangle_lava_temple
Sewer:    sewer_big_baddie

Skill      XL: |  1  2  3  4  5  6  7 |
---------------+----------------------+-----
Shields        | 3 4 |  4.2
Axes           | 2 3 4 5 |  5.0
Fighting       | 3 |  3.5
Armour         | 3 |  3.5
Dodging        | 1 |  1.5
Stealth        | |  0.8

Action                   |  1- 3 |  4- 6 |  7- 9 || total
-------------------------+-------+-------+-------++-------
Melee: War axe           |    81 |   156 |    56 ||   293
       Bite              |    15 |    48 |    20 ||    83
  Use: Scroll            |       |     1 |    11 ||    12
       Potion            |       |       |     1 ||     1
  Eat: Chunk             |       |     5 |     2 ||     7
Armor: Scale mail        |    40 |    85 |    21 ||   146
Dodge: Dodged            |    38 |    41 |    28 ||   107
Block: Shield            |    58 |    88 |    31 ||   177

Table legend:
 A = Spawn XP
 B = Non-spawn XP
 C = Spawn XP percentage of total XP
 D = Spawn monster count
 E = Non-spawn monster count
 F = Spawn count percentage of total count
 G = Total turns spent on level
                    A         B        C        D         E        F      G
               +---------+---------+-------+---------+---------+-------+---------
         Total |       0 |     920 |   0.0 |       0 |     120 |   0.0 |  3006
               +---------+---------+-------+---------+---------+-------+---------
           D:1 |       0 |      23 |   0.0 |       0 |      16 |   0.0 |   608
           D:2 |       0 |      98 |   0.0 |       0 |      29 |   0.0 |   920
           D:3 |       0 |     278 |   0.0 |       0 |      33 |   0.0 |   786
           D:4 |       0 |     404 |   0.0 |       0 |      36 |   0.0 |   543
         Sewer |       0 |     117 |   0.0 |       0 |       6 |   0.0 |   134
               +---------+---------+-------+---------+---------+-------+---------
